Map: Jagannatha LE

Players

TeebuL

  • Race: Protoss Protoss
  • League: Gold

EnDerr - Winner!

  • Race: Zerg Zerg

Event: DreamHack SC2 Masters 2021 Summer

VOD

Have the link to the VOD?

Description

Time

  • Played on: May 19, 2021, 4:34 a.m.
  • Length: 9:55

All games in this series

Show
View Real Time Build Order
Export as new Build Order

TeebuL Protoss 

Build Orders:  

Get SALT Encoding   

  12  0:00  Probe  
  13  0:12  Probe  
  14  0:20  Pylon  
  14  0:24  Probe  
  15  0:38  Probe (Chrono Boost)  
  15  0:41  Gateway  
  17  0:50  Probe (Chrono Boost)  
  17  0:53  Assimilator  
  17  0:55  Probe (Chrono Boost)  
  18  1:04  Probe  
  19  1:16  Probe  
  20  1:25  Gateway  
  20  1:28  Cybernetics Core  
  20  1:29  Zealot (Chrono Boost)  
  22  1:36  Pylon  
  22  1:42  Probe  
  23  2:01  Pylon  
  24  2:02  Adept (Chrono Boost)  
  24  2:07  Probe  
  25  2:17  Adept (Chrono Boost)  
  25  2:18  Pylon  
  25  2:19  Probe  
  26  2:32  Pylon, Shield Battery  
  26  2:33  Probe  
  27  2:48  Probe  
  23  3:00  Probe  
  22  3:12  Probe, Nexus  
  23  3:21  Pylon  
  23  3:26  Probe  
  24  3:33  Gateway  
  24  3:38  Probe  
  25  3:47  Stargate  
  25  3:50  Probe  
  25  3:55  Assimilator  
  26  4:00  Stalker (Chrono Boost)  
  28  4:05  Probe  
  29  4:17  Probe (Chrono Boost)  
  29  4:20  Shield Battery  
  30  4:28  Warp Gate  
  30  4:29  Probe (Chrono Boost)  
  30  4:31  Probe (Chrono Boost)  
  32  4:35  Probe (Chrono Boost)  
  32  4:38  Probe (Chrono Boost)  
  34  4:46  Probe (Chrono Boost)  
  34  4:47  Probe (Chrono Boost), Twilight Council  
  34  4:52  Probe  
  35  4:55  Probe  
  35  4:57  Adept  
  39  5:04  Probe, Adept  
  42  5:08  Probe  
  43  5:16  Probe  
  43  5:20  Probe  
  43  5:21  Resonating Glaives (Chrono Boost)  
  45  5:27  Pylon  
  45  5:28  Probe  
  45  5:31  Assimilator  
  45  5:32  Probe  
  45  5:33  Assimilator  
  48  5:44  Probe (Chrono Boost)  
  48  5:45  Probe (Chrono Boost)  
  48  5:46  Pylon  
  49  5:53  Probe (Chrono Boost)  
  49  5:55  Probe (Chrono Boost)  
  51  5:58  Probe  
  52  6:05  Probe  
  52  6:10  Probe  
  52  6:11  Pylon  
  52  6:16  Sentry x2  
  52  6:17  Probe  
  57  6:22  Probe  
  55  6:29  Probe  
  54  6:33  Gateway  
  54  6:34  Gateway  
  54  6:38  Gateway  
  54  6:39  Gateway  
  54  6:43  Gateway  
  54  6:49  Robotics Facility  
  54  6:51  Probe  
  54  6:53  Pylon  
  55  7:05  Gateway  
  55  7:07  Pylon  
  55  7:13  Gateway  
  55  7:19  Pylon  
  55  7:31  Probe x2 (Chrono Boost)  
  55  7:33  Stalker x2  
  55  7:36  Warp Prism  
  63  7:40  Probe (Chrono Boost)  
  63  7:42  Templar Archives, Probe (Chrono Boost)  
  65  7:54  Pylon, Nexus  
  65  7:58  Gateway  
  65  8:00  Gateway  
  65  8:02  Adept x4  
  65  8:16  Stalker  
  65  8:17  Stalker  
  69  8:29  High Templar x3  
  69  8:30  High Templar  
  77  8:38  Archon x2  
  77  8:39  Pylon  
  77  8:41  High Templar  
  77  8:42  High Templar  
  77  8:46  Immortal (Chrono Boost)  
  81  8:50  Archon  
  85  9:02  Zealot x6  
  88  9:19  Zealot x2  
  72  9:32  Zealot x5  
Show
View Real Time Build Order
Export as new Build Order

EnDerr Zerg - Winner!

Build Orders: Pool First 

Get SALT Encoding   

  12  0:17  Spawning Pool  
  11  0:21  Drone  
  11  0:26  Drone  
  13  0:32  Drone  
  14  0:40  Overlord  
  14  1:05  Zergling x6  
  17  1:15  Zergling x2  
  18  1:20  Hatchery  
  17  1:27  Zergling x2  
  18  1:35  Queen  
  18  1:39  Zergling x2  
  21  1:49  Zergling x2  
  21  1:52  Extractor  
  21  2:00  Zergling x2  
  20  2:18  Drone  
  21  2:31  Queen  
  21  2:34  Drone  
  21  2:35  Drone x2  
  26  2:42  Drone  
  27  2:46  Drone  
  27  2:48  Drone  
  26  2:54  Drone  
  26  2:55  Drone  
  26  2:56  Drone  
  26  2:59  Drone  
  26  3:03  Metabolic Boost  
  27  3:11  Overlord  
  27  3:16  Drone  
  28  3:30  Drone x4  
  32  3:42  Hatchery  
  32  3:46  Zergling x6  
  34  3:51  Zergling x4  
  34  3:55  Overlord  
  36  4:12  Zergling x2, Baneling Nest  
  36  4:13  Zergling x12  
  42  4:22  Overlord  
  42  4:26  Zergling x2  
  42  4:27  Zergling x2  
  44  4:42  Zergling x2  
  44  4:43  Zergling x8  
  48  4:56  Baneling x3  
  48  5:01  Queen  
  48  5:04  Drone x2  
  48  5:05  Overlord x2  
  52  5:07  Baneling  
  52  5:11  Drone x3  
  52  5:12  Drone  
  52  5:13  Overlord  
  56  5:14  Baneling  
  56  5:21  Drone x2  
  58  5:26  Baneling  
  58  5:28  Extractor, Drone x4  
  59  5:29  Drone x2  
  59  5:34  Baneling  
  63  5:36  Drone x3  
  63  5:42  Drone x3  
  68  5:44  Drone  
  68  5:45  Baneling  
  68  5:48  Drone  
  70  5:55  Drone  
  67  6:08  Drone x8  
  67  6:10  Lair  
  74  6:13  Drone x6  
  79  6:19  Overlord  
  71  6:33  Drone  
  71  6:35  Extractor, Roach Warren, Evolution Chamber  
  71  6:36  Extractor  
  71  6:38  Zergling x8  
  71  6:39  Zergling x8  
  73  6:42  Extractor  
  73  6:46  Overlord  
  73  6:47  Drone x5  
  74  6:52  Extractor  
  76  7:02  Zerg Missile Weapons Level 1  
  76  7:04  Baneling  
  76  7:05  Baneling x5, Zergling x2  
  76  7:06  Zergling x14  
  84  7:10  Drone  
  84  7:11  Drone  
  86  7:15  Hatchery  
  86  7:16  Glial Reconstitution  
  86  7:17  Overlord  
  86  7:21  Overlord  
  85  7:35  Spore Crawler  
  85  7:36  Spore Crawler x2, Overlord x2  
  82  7:38  Roach x7  
  96  7:46  Roach x4  
  96  7:50  Drone  
  105  8:03  Overlord  
  105  8:04  Roach x4  
  113  8:09  Roach x5  
  113  8:12  Roach x3  
  122  8:20  Overseer  
  122  8:21  Queen  
  122  8:22  Ravager  
  122  8:23  Ravager x5  
  130  8:29  Zergling x12  
  130  8:32  Overlord x2  
  132  9:00  Roach x11  
  145  9:15  Drone x9  
  146  9:18  Roach x3  
  146  9:23  Roach  
  151  9:29  Overlord  
  144  9:32  Roach  
  144  9:33  Roach  
Tags
 
Add a new tag
Caveats
  • Supply blocks, unpowered buildings, or Contaminate may cause inaccurate times.
  • Supply counts are checked every 10 seconds.